 Dungeon Crawl Stone Soup version 0.31-a0-833-gc15d34cb79 (webtiles) character file.

Game seed: 16711140378470470613

1822 mopl the Insei (level 9, -1/58 HPs)
             Began as an Octopode Shapeshifter on Sept 25, 2023.
             Was the Champion of Uskayaw.
             Slain by a wolf spider zombie (4 damage)
             ... on level 7 of the Dungeon.
             The game lasted 00:08:54 (5191 turns).

mopl the Insei (Octopode Shapeshifter)              Turns: 5191, Time: 00:08:55

Health: -1/58      AC:  1    Str: 13    XL:     9   Next: 10%
Magic:  8/10       EV: 14    Int: 19    God:    Uskayaw [******]
Gold:   336        SH:  5    Dex: 15    Spells: 6/8 levels left

rFire   . .          .
                       - Unarmed
rCold   . . .        u - +0 buckler
rNeg    . . .        (helmet currently unavailable)
rPois   .            (no amulet)
rElec   .            t - +6 ring of intelligence
rCorr   .            (no ring)
SInv    .            (no ring)
Will    .....        (no ring)
Stlth   ++           (no ring)
HPRegen 0.29/turn    (no ring)
MPRegen 0.12/turn    (no ring)
                     (no ring)

%: no passive effects
@: beast-form
A: beast (slay +3), almost no armour, amphibious, 8 rings, camouflage 1,
gelatinous body 1, (nimble swimmer 1), tentacles
a: Begin Untransformation, Renounce Religion, Stomp, Line Pass, Grand Finale


You were on level 7 of the Dungeon.
You worshipped Uskayaw.
Uskayaw was noncommittal.
You were a hulking beast.
You visited 2 branches of the dungeon, and saw 8 of its levels.

You collected 391 gold pieces.
You spent 55 gold pieces at shops.

Inventory:

Hand Weapons
 q - a +1 spear of venom
 y - the +3 dagger of the Desolation of Salt {protect, Fly Dex-5 SInv}
   (You found it on level 4 of the Dungeon)

   Dex-5:     It affects your dexterity (-5).
   SInv:      It lets you see invisible.
   Fly:       It grants you flight.
 z - a +2 dagger of draining
 E - a +2 whip of draining
 F - the +2 spear of Okawaru's Condemnation {freeze, rElec rC+ Will- Dex+4}
   (You found it on level 6 of the Dungeon)

   Dex+4:     It affects your dexterity (+4).
   rC+:       It protects you from cold.
   rElec:     It insulates you from electricity.
   Will-:     It decreases your willpower.
Missiles
 i - 6 poisoned darts (quivered)
 l - 3 throwing nets
 B - 3 boomerangs
Armour
 u - a +0 buckler (worn)
Jewellery
 g - a ring of flight
 t - a +6 ring of intelligence (left tentacle)
 D - a ring of ice
Talismans
 b - a beast talisman (active)
 c - a flux talisman
 A - a maw talisman
Wands
 C - a wand of charming (10)
Scrolls
 d - 4 scrolls of teleportation {unknown}
 e - 3 scrolls of immolation {unknown}
 f - 5 scrolls of identify {unknown}
 j - 2 scrolls of enchant armour {unknown}
 r - a scroll of fear {unknown}
 G - a scroll of blinking {unknown}
 H - a scroll of torment {unknown}
Potions
 a - a potion of lignification {!q}
 h - 2 potions of heal wounds
 k - 2 potions of attraction {unknown}
 m - 2 potions of degeneration {unknown}
 n - a potion of mutation {unknown}
 o - 2 potions of might {unknown}
 p - a potion of brilliance {unknown}
 s - 2 potions of haste {unknown}
 v - a potion of experience {unknown}
 w - a potion of berserk rage {unknown}
 x - 2 potions of curing {unknown}


   Skills:
 + Level 4.0 Fighting
 + Level 3.5 Throwing
 + Level 4.3 Dodging
 + Level 2.5 Shields
 * Level 6.3 Unarmed Combat
 - Level 3.0 Transmutations
 + Level 1.5 Invocations
 * Level 5.9 Shapeshifting


You had 6 spell levels left.
You knew the following spells:

 Your Spells              Type           Power      Damage    Failure   Level
w - Wereblood             Tmut           11%        N/A       12%         2

Your spell library contained the following spells:

 Spells                   Type           Power      Damage    Failure   Level
 Summon Small Mammal      Summ           0%         N/A       28%         1
 Lesser Beckoning         Tloc           0%         N/A       38%         2
 Static Discharge         Conj/Air       0%         2-2/arc   38%         2
 Sublimation of Blood     Necr           0%         N/A       38%         2
 Call Canine Familiar     Summ           0%         N/A       63%         3
 Gell's Gravitas          Tloc           0%         N/A       63%         3
 Summon Guardian Golem    Hex/Summ       0%         N/A       63%         3
 Teleport Other           Tloc           0%         N/A       63%         3
 Airstrike                Air            0%         2d(0-16)  95%         4
 Summon Lightning Spire   Summ/Air       0%         N/A       95%         4
 Summon Hydra             Summ           0%         N/A       100%        7


Dungeon Overview and Level Annotations

Branches:
Dungeon (7/15)             Temple (1/1) D:6

Altars:
Ashenzari
Cheibriados
Dithmenos
Elyvilon
Fedhas
Gozag
Hepliaklqana
Makhleb
Nemelex Xobeh
Okawaru
Qazlal
Ru
Uskayaw
Vehumet
Wu Jian
Xom
Yredelemnul
The Shining One

Shops:
D:2 *   D:5 :


Innate Abilities, Weirdness & Mutations

You are a hulking beast.
Your limbs bulge with bestial killing power. (Slay +3)
You cannot wear most types of armour.
You are amphibious.
You can wear up to eight rings at the same time.
Your skin changes colour to match your surroundings (Stealth+).
Your rubbery body absorbs attacks. (AC +1, EV +1)
((You are camouflaged when in or above water. (Stealth+)))
You have tentacles for arms and can constrict up to eight enemies at once.


Message History

The centaur warrior skeleton hits you. The centaur warrior skeleton kicks you.
* * * LOW HITPOINT WARNING * * *
Your Fighting skill increases to level 4!
You have reached level 9!
Your experience leads to an increase in your attributes!
Your base attributes are Str 13, Int 13, Dex 13.
Increase (S)trength, (I)ntelligence, or (D)exterity?
You feel agile. x2
You completely miss the centaur warrior skeleton.
The centaur warrior skeleton is lightly damaged.
The centaur warrior skeleton hits you but does no damage.
The centaur warrior skeleton kicks you but does no damage.
The wolf spider zombie hits you but does no damage.
The wolf spider zombie bites you but does no damage.
Unknown command.
You smack the centaur warrior skeleton!
The centaur warrior skeleton is lightly damaged.
The shadow imp lashes its tail.
The centaur warrior skeleton hits you.
* * * LOW HITPOINT WARNING * * *
The centaur warrior skeleton barely misses you.
The wolf spider zombie hits you but does no damage.
The wolf spider zombie bites you.
* * * LOW HITPOINT WARNING * * *
You pummel the centaur warrior skeleton!!
The centaur warrior skeleton is heavily damaged.
The centaur warrior skeleton hits you but does no damage.
The centaur warrior skeleton kicks you but does no damage.
The wolf spider zombie hits you but does no damage.
The wolf spider zombie bites you but does no damage.
The centaur warrior skeleton hits you.
* * * LOW HITPOINT WARNING * * *
The centaur warrior skeleton kicks you but does no damage.
You hit the centaur warrior skeleton but do no damage.
The centaur warrior skeleton is heavily damaged.
You feel less wooden.
You turn into a hulking beast.
The wolf spider zombie hits you!
* * * LOW HITPOINT WARNING * * *
The wolf spider zombie bites you.
You die...

#<#.# ##.# ....# #..#
....# #.## ....# #.# ###
....# #.# ..# ##
###.#####.######.###....
......................
#.##########.#Z##.... .#
#.#h# . #.#Z#
#.#5Z.....P ..#.Z..8.55
###.:.....8 ........P
##......S .......
.88....


You could see a shadow imp, a wolf spider zombie, a centaur warrior zombie and 2
centaur warrior skeletons.

Vanquished Creatures
  2 hellwings (D:7)
  Grinder (D:3)
  Sigmund (D:3)
  A sky beast (D:6)
  An ice beast (D:5)
  3 scorpions
  A water moccasin zombie (D:5)
  A centaur zombie (D:5)
  2 bullfrog zombies (D:5)
  A hound (D:5)
  2 jellies (D:6)
  Crazy Yiuf (D:4)
  An orc priest (D:4)
  Jessica (D:2)
  2 iguanas
  2 orc wizards (D:5)
  A killer bee zombie (D:5)
  4 gnolls (D:2)
  8 adders
  2 shadow imps (D:7)
  An ufetubus (D:6)
  2 worms
  5 dart slugs
  8 orcs
  10 ball pythons
  7 endoplasms
  2 giant cockroaches (D:1)
  11 goblins
  6 hobgoblins
  6 jackals
  6 kobolds
  2 quokkas (D:5)
  9 bats
  3 frilled lizards
  9 rats
125 creatures vanquished.

Notes
Turn   | Place    | Note
-------+----------+-------------------------------------------
     0 | D:1      | mopl the Octopode Shapeshifter began the quest for the Orb.
     0 | D:1      | Reached XP level 1. HP: 13/13 MP: 1/1
    92 | D:1      | Reached XP level 2. HP: 14/18 MP: 2/2
   213 | D:1      | Reached XP level 3. HP: 23/23 MP: 3/3
   529 | D:2      | Noticed Jessica
   536 | D:2      | Killed Jessica
   537 | D:2      | Reached XP level 4. HP: 25/29 MP: 4/4
   699 | D:2      | Reached skill level 2 in Fighting
   699 | D:2      | Reached skill level 1 in Throwing
   872 | D:2      | Reached XP level 5. HP: 33/34 MP: 5/5
   905 | D:2      | You fall into a shaft and drop 1 floor!
   928 | D:3      | Learned a level 2 spell: Wereblood
  1055 | D:2      | Noticed Sigmund
  1062 | D:3      | Killed Sigmund
  1063 | D:3      | Reached skill level 3 in Dodging
  1063 | D:3      | Reached skill level 4 in Unarmed Combat
  1063 | D:3      | Reached skill level 1 in Transmutations
  1063 | D:3      | Reached skill level 4 in Shapeshifting
  1063 | D:3      | Reached XP level 6. HP: 15/41 MP: 6/6
  1325 | D:2      | Found a faded altar of an unknown god.
  1463 | D:2      | Found Isisatt's Assorted Antiques.
  1468 | D:2      | Bought a silvery potion for 17 gold pieces
  1468 | D:2      | Bought a scroll labelled DESIEV IDARU for 19 gold pieces
  1468 | D:2      | Bought a scroll labelled EBOULA LEUKHLOSS for 19 gold
                  | pieces
  1701 | D:3      | Noticed Grinder
  1708 | D:3      | Killed Grinder
  1709 | D:3      | Reached skill level 2 in Throwing
  1709 | D:3      | Reached XP level 7. HP: 45/45 MP: 7/7
  2540 | D:4      | Found a runed translucent door.
  2541 | D:4      | Noticed Crazy Yiuf
  2855 | D:4      | Identified the +3 dagger of the Desolation of Salt
                  | {protect, Fly Dex-5 SInv}
  3023 | D:4      | Found a hazy altar of Hepliaklqana.
  3343 | D:4      | Killed Crazy Yiuf
  3344 | D:4      | Reached skill level 3 in Fighting
  3344 | D:4      | Reached skill level 5 in Unarmed Combat
  3415 | D:5      | Entered Level 5 of the Dungeon
  3457 | D:5      | Found a basalt altar of Yredelemnul.
  3577 | D:5      | Reached skill level 1 in Shields
  3577 | D:5      | Reached skill level 2 in Transmutations
  3726 | D:5      | Found Vifo's Self-Improvement Boutique.
  3760 | D:5      | Reached XP level 8. HP: 19/52 MP: 8/8
  3893 | D:5      | Reached skill level 5 in Shapeshifting
  4350 | D:6      | Found an iron altar of Okawaru.
  4365 | D:5      | Reached skill level 3 in Throwing
  4539 | D:6      | Found a shimmering altar of Xom.
  4668 | D:6      | Reached skill level 4 in Dodging
  4692 | D:6      | Identified the +2 spear of Okawaru's Condemnation {freeze,
                  | rElec rC+ Will- Dex+4}
  4713 | D:6      | Found a staircase to the Ecumenical Temple.
  4718 | D:6      | Reached skill level 2 in Shields
  4721 | Temple   | Entered the Ecumenical Temple
  4736 | Temple   | Became a worshipper of Uskayaw the Reveller
  4819 | D:6      | Reached * piety under Uskayaw
  4823 | D:6      | Reached ** piety under Uskayaw
  5131 | D:7      | Noticed a hellwing
  5142 | D:7      | Noticed a hellwing
  5144 | D:7      | Reached *** piety under Uskayaw
  5156 | D:7      | Reached **** piety under Uskayaw
  5157 | D:7      | Killed a hellwing
  5158 | D:7      | Reached skill level 6 in Unarmed Combat
  5158 | D:7      | Reached skill level 1 in Invocations
  5167 | D:7      | HP: 1/81 [hellwing (5)]
  5177 | D:7      | Reached ***** piety under Uskayaw
  5178 | D:7      | Reached skill level 3 in Transmutations
  5187 | D:7      | Killed a hellwing
  5187 | D:7      | Reached ****** piety under Uskayaw
  5188 | D:7      | Reached skill level 4 in Fighting
  5188 | D:7      | Reached XP level 9. HP: 25/58 MP: 8/10
  5191 | D:7      | Slain by a wolf spider zombie

Illustrated notes

Levels and vault maps discovered:
D:1:      dpeg_arrival_snail, layout_rooms, minmay_surrounded
D:2:      layout_loops_ring, nicolae_ecumenical_lake_church, serial_shops,
          nicolae_shop_rolling_square, uniq_sigmund, uniq_jessica
D:3:      layout_loops_ring, minmay_misc_feat_tiny,
          chequers_serial_rivers_micro_c, uniq_grinder
D:4:      layout_layer_cave, nicolae_hepliaklqana_hazy_memory,
          uniq_crazy_yiuf_cottage
D:5:      layout_rooms, nicolae_yredelemnul_corpse_copse, nicolae_shop_self_help
D:6:      layout_layer_cave, jmf_multi_god_temple,
          minmay_temple_entry_drinking_statues
D:7:      cheibrodos_grave_circle, layout_basic, uniq_duvessa
Temple:   nicolae_temple_great_sept

Skill      XL: |  1  2  3  4  5  6  7  8 |
---------------+-------------------------+-----
Fighting       | 2 3 4 |  4.0
Throwing       | 1 2 3 |  3.5
Dodging        | 3 4 |  4.3
Unarmed Combat | 4 5 6 |  6.3
Transmutations | 1 2 3 |  3.0
Shapeshifting  | 4 5 |  5.9
Shields        | 1 2 |  2.5
Invocations    | 1 |  1.5

Action                     |  1- 3 |  4- 6 |  7- 9 || total
---------------------------+-------+-------+-------++-------
  Melee: Unarmed           |    68 |    30 |    51 ||   149
         Constrict         |    19 |    13 |    22 ||    54
         Tentacles         |    10 |    10 |    23 ||    43
         Punch             |     3 |     1 |     6 ||    10
         Spear             |       |    34 |   111 ||   145
         Dagger            |       |       |     6 ||     6
    Use: Potion            |       |       |     4 ||     4
   Stab: Sleeping          |     1 |     5 |    12 ||    18
         Paralysed         |       |       |     2 ||     2
 Armour: Skin              |    25 |    21 |   188 ||   234
  Dodge: Dodged            |    33 |    34 |    59 ||   126
  Block: Buckler           |       |       |    27 ||    27

Table legend: (Time is in decaauts)
 A = Elapsed time spent in this place.
 B = Non-inter-level travel time spent in this place.
 C = Inter-level travel time spent in this place.
 D = Time resting spent in this place.
 E = Time spent auto-exploring this place.
 F = Levels seen in this place.
 G = Mean time per level.
                   A        B        C        D        E       F      G
               +--------+--------+--------+--------+--------+-----+--------+
         Total |   5200 |   4979 |    221 |    855 |   3162 |   8 |  650.0 |
       Dungeon |   5176 |   4962 |    214 |    855 |   3162 |   7 |  739.4 |
        Temple |     23 |     16 |      7 |      0 |      0 |   1 |   23.0 |
               +--------+--------+--------+--------+--------+-----+--------+

Top non-repeatable levels by time:
     D:4: 1266 daAuts
     D:5: 1055 daAuts
     D:2: 838 daAuts
     D:3: 778 daAuts
     D:1: 590 daAuts
     D:6: 557 daAuts
     D:7: 89 daAuts
  Temple: 23 daAuts
